 Dungeon Crawl Stone Soup version 0.22-a0-266-g5fdf0d7 (webtiles) character file.

1409 ryw the Skirmisher (level 8, -4/73 HPs)
             Began as a Demigod Wanderer on Mar 8, 2018.
             Slain by a two-headed ogre
             ... wielding a +0 giant club
              (19 damage)
             ... on level 7 of the Dungeon.
             The game lasted 00:27:45 (7694 turns).

ryw the Skirmisher (Demigod Wanderer)               Turns: 7694, Time: 00:27:45

Health: -4/73      AC:  7    Str: 19    XL:     8   Next: 19%
Magic:  11/11      EV: 15    Int: 22    God:
Gold:   291        SH:  0    Dex: 14    Spells: 7/7 levels left

rFire    . . .     SeeInvis +   a - +2 falchion
rCold    + . .     Gourm    .   (no shield)
rNeg     . . .     Faith    .   J - +1 robe {rC+}
rPois    .         Spirit   .   (no helmet)
rElec    .         Reflect  .   j - +0 cloak
rCorr    .         Harm     .   q - +2 pair of gloves
MR       .....                  (no boots)
Stlth    ++........             I - amulet of magic regeneration
HPRegen  0.22/turn              Q - ring of the Worm {Str-2 Int+2 SInv} (curse)
MPRegen  0.37/turn              C - +5 ring of strength

@: hasted, very quick
A: high mp 1
a: no special abilities


You were on level 7 of the Dungeon.
You were not hungry.

You visited 1 branch of the dungeon, and saw 7 of its levels.
You also visited: Sewer.

You collected 291 gold pieces.

Inventory:

Hand Weapons
 a - a +2 falchion (weapon)
 d - a +0 blowgun
 n - a +0 long sword
   (You found it on level 2 of the Dungeon)
 v - a +0 arbalest
   (You found it on level 3 of the Dungeon)
 A - a +0 blowgun
   (You took it off a kobold on level 3 of the Dungeon)
 D - a cursed -3 quarterstaff
   (You took it off an orc on level 4 of the Dungeon)
Missiles
 c - 47 poisoned needles
 l - 176 stones
 x - 3 tomahawks (quivered)
 O - 2 throwing nets {!f}
Armour
 j - a +0 cloak (worn)
   (You found it on level 1 of the Dungeon)
 q - a +2 pair of gloves (worn)
   (You found it on level 1 of the Dungeon)
 J - a +1 robe of cold resistance (worn)
   (You found it on level 7 of the Dungeon)
Jewellery
 m - an uncursed ring of wizardry
   (You found it on level 1 of the Dungeon)
 z - an uncursed ring of flight
   (You took it off an orc on level 4 of the Dungeon)
 B - an uncursed ring of teleportation
   (You found it on level 3 of the Dungeon)
 C - a +5 ring of strength (right hand)
   (You found it on level 3 of the Dungeon)
 I - an amulet of magic regeneration (around neck)
   (You took it off a kobold on level 2 of the Dungeon)
 M - a +3 ring of dexterity {unknown}
   (You found it on level 7 of the Dungeon)
 Q - the cursed ring of the Worm (left hand) {Str-2 Int+2 SInv}
   (You found it on level 7 of the Dungeon)

   [ring of strength]

   It affects your strength (-2).
   It affects your intelligence (+2).
   It lets you see invisible.
   It has a curse placed upon it.
Wands
 t - a wand of flame (20)
   (You found it on level 6 of the Dungeon)
 F - a wand of polymorph (14)
   (You took it off Ijyb on level 4 of the Dungeon)
Scrolls
 b - 3 scrolls of teleportation {@r4}
 g - 2 scrolls of fog
 p - a scroll of blinking
 s - a scroll of magic mapping
Potions
 h - 2 potions of brilliance {unknown}
 i - 2 potions of curing {@q1}
 o - 2 potions of heal wounds {@q2}
 E - a potion of cancellation {unknown}
 G - 2 potions of flight {unknown}
 P - a potion of mutation {unknown}
Comestibles
 e - 8 rations
 f - 3 chunks of flesh


   Skills:
 - Level 7.0 Fighting
 - Level 5.1 Long Blades
 - Level 1.0 Throwing
 - Level 1.2 Armour
 * Level 5.8 Dodging
 - Level 1.0 Stealth
 - Level 1.0 Evocations


You had 7 spell levels left.
You didn't know any spells.

Dungeon Overview and Level Annotations

Branches:
Dungeon (8/15)
 Temple: D:4-7         Lair: D:8-11

Annotations:
D:3 Grinder


Innate Abilities, Weirdness & Mutations

You have an increased reservoir of magic. (+10% MP)


Message History

You throw a tomahawk.
The tomahawk barely misses the two-headed ogre.
The two-headed ogre shouts in stereo!
Throwing (i - inventory. (/) - cycle)
x - 7 tomahawks (quivered)
Aim: a two-headed ogre, wielding two giant clubs You throw a tomahawk.
The tomahawk hits the two-headed ogre.
An orc wizard comes into view. It is wielding a dagger.
Throwing (i - inventory. (/) - cycle)
x - 6 tomahawks (quivered)
Aim: a two-headed ogre, wielding two giant clubs (lightly wounded)
You throw a tomahawk. The orc wizard shouts!
The tomahawk hits the two-headed ogre but does no damage.
The orc wizard gestures wildly while chanting.
The orc wizard blinks!
Throwing (i - inventory. (/) - cycle)
x - 5 tomahawks (quivered)
Aim: a two-headed ogre, wielding two giant clubs (lightly wounded)
You throw a tomahawk. The tomahawk hits the two-headed ogre.
Throwing (i - inventory. (/) - cycle)
x - 4 tomahawks (quivered)
Aim: a two-headed ogre, wielding two giant clubs (lightly wounded)
You throw a tomahawk. The tomahawk hits the two-headed ogre!
There is a stone staircase leading up here.
The two-headed ogre barely misses you.
The two-headed ogre completely misses you.
You climb upwards.
There is a stone staircase leading down here.
You hit the two-headed ogre. The two-headed ogre misses you.
You riposte.
You hit the two-headed ogre.
The two-headed ogre hits you with a giant club!
You barely miss the two-headed ogre. You barely miss the two-headed ogre.
The two-headed ogre completely misses you.
The two-headed ogre hits you with a giant club!
You hit the two-headed ogre but do no damage.
The two-headed ogre barely misses you.
The two-headed ogre completely misses you.
You hit the two-headed ogre. The two-headed ogre misses you.
The two-headed ogre hits you with a giant club!!
* * * LOW HITPOINT WARNING * * *
You closely miss the two-headed ogre.
The two-headed ogre hits you with a giant club!
* * * LOW HITPOINT WARNING * * *
The two-headed ogre barely misses you.
It was a potion of heal wounds.
You feel much better.
You feel yourself speed up.
The two-headed ogre hits you with a giant club!!
* * * LOW HITPOINT WARNING * * *
The two-headed ogre closely misses you.
You barely miss the two-headed ogre.
The two-headed ogre hits you with a giant club!!
You die...

...............##
...............#
..............##
.............##
#...........##
##.........##
##........#### ###
###.........#####.#
####........@..####
##..####O......##
#..###....#....#
##.##....#######
#.##...## #.#...##
#..#### ####


You could see a two-headed ogre.

Vanquished Creatures
  A hippogriff (D:7)
  An orc warrior (D:6)
  An ice beast (D:6)
  A black bear (D:7)
  An ogre (D:7)
  A phantom (D:7)
  A centaur (D:6)
  Blork the orc (D:4)
  A big kobold (Sewer)
  A gnoll sergeant (D:7)
  A scorpion (D:7)
  A howler monkey (D:3)
  An orc priest (D:6)
  3 orc wizards
  Ijyb (D:4)
  2 worker ants
  A worker ant zombie (D:6)
  5 gnolls (D:7)
  5 adders
  2 river rats (Sewer)
  A shadow imp (D:6)
  An ooze (D:2)
  4 worms
  A dart slug (D:1)
  6 leopard geckos
  23 orcs
  A bat (D:1)
  3 giant cockroaches
  6 hobgoblins
  4 jackals
  2 quokkas
  A ball python (D:6)
  A ball python skeleton (D:4)
  5 frilled lizards
  4 goblins
  A jackal skeleton (D:4)
  9 kobolds
  2 leopard gecko skeletons
  A quokka skeleton (D:4)
  3 rats
111 creatures vanquished.

Notes
Turn   | Place    | Note
-------+----------+-------------------------------------------
     0 | D:1      | ryw the Demigod Wanderer began the quest for the Orb.
     0 | D:1      | ryw set off with: a +2 falchion, a scroll of teleportation {@r4}, 8 poisoned needles, a +0 blowgun, a ration, a +0 robe
     0 | D:1      | Reached XP level 1. HP: 22/22 MP: 3/3
   354 | D:1      | Reached XP level 2. HP: 20/28 MP: 5/5
   355 | D:1      | Reached skill level 5 in Fighting
  1295 | D:2      | Found an iron altar of Okawaru.
  1379 | D:2      | Reached XP level 3. HP: 31/36 MP: 6/6
  2090 | D:3      | You fall through a shaft!
  2326 | D:3      | Reached XP level 4. HP: 36/42 MP: 7/7
  2441 | D:3      | Found a white marble altar of Elyvilon.
  2442 | D:3      | Found a burning altar of Makhleb.
  3138 | D:4      | Noticed Grinder
  3138 | D:4      | Paralysed by Grinder for 5 turns
  3147 | D:3      | Paralysed by Grinder for 2 turns
  3151 | D:3      | Paralysed by Grinder for 2 turns
  3159 | D:3      | Paralysed by Grinder for 7 turns
  3491 | D:4      | Found a shadowy altar of Dithmenos.
  3581 | D:4      | Reached XP level 5. HP: 44/48 MP: 8/8
  3828 | D:4      | Noticed Blork the orc
  3832 | D:4      | Killed Blork the orc
  4097 | D:4      | Reached XP level 6. HP: 48/56 MP: 9/9
  4235 | D:4      | Noticed Ijyb
  4274 | D:4      | Killed Ijyb
  4274 | D:4      | Reached skill level 5 in Long Blades
  4484 | D:4      | Found a sacrificial altar of Ru.
  4547 | D:4      | Found a deep blue altar of Sif Muna.
  4598 | D:4      | Found a hide-covered altar of Uskayaw.
  4600 | D:4      | Found an opulent altar of Gozag.
  4626 | D:4      | You fall through a shaft for 2 floors!
  4750 | D:6      | Found a glowing drain.
  4756 | Sewer    | Entered a sewer
  4963 | Sewer    | Reached skill level 6 in Fighting
  4972 | Sewer    | Found a white marble altar of Elyvilon.
  5104 | D:6      | Reached XP level 7. HP: 64/64 MP: 10/10
  5167 | D:6      | Reached skill level 7 in Fighting
  5357 | D:6      | Found a radiant altar of Vehumet.
  6116 | D:7      | Reached skill level 1 in Armour
  6436 | D:7      | Noticed a hippogriff
  6445 | D:7      | Killed a hippogriff
  6642 | D:7      | Reached XP level 8. HP: 50/73 MP: 11/11
  6870 | D:7      | Reached skill level 5 in Dodging
  7105 | D:7      | Got a twitching ivory ring
  7107 | D:7      | Identified the cursed ring of the Worm {Str-2 Int+2 SInv} (You found it on level 7 of the Dungeon)
  7677 | D:8      | Noticed a two-headed ogre
  7694 | D:7      | Slain by a two-headed ogre

Vault maps used:
D:1:      lemuel_arrival_room
D:2:      okawaru_metal_pillars_1_2
D:3:      grunt_temple_overflow_open
D:4:      lemuel_doored_altar, kennysheep_mini, led_sif_book,
          gammafunk_temple_overflow_pools, uniq_ijyb, uniq_blork_the_orc,
          uniq_grinder
D:6:      nicolae_overflow_crystal_walls, cheibrodos_sewer_entry_drain
D:7:      serial_glass, glass_columns_b, glass_columns_a, due_unseen_surprise,
          feat_on_display, feat_on_display, minmay_strange_pillars
D:8:      minmay_flawed_box, old_standard_altar,
          gammafunk_temple_overflow_arena, lair_entry_dummy
Sewer:    sewer_kobolds

Skill      XL: |  1  2  3  4  5  6  7  8 |
---------------+-------------------------+-----
Fighting       | 5 6 7 |  7.0
Dodging        | 2 4 5 |  5.8
Long Blades    | 2 3 4 5 |  5.1
Armour         | 1 |  1.2
Throwing       | |  1.0
Stealth        | |  1.0
Evocations     | |  1.0

Action                   |  1- 3 |  4- 6 |  7- 9 || total
-------------------------+-------+-------+-------++-------
Melee: Falchion          |    92 |   181 |   142 ||   415
       Unarmed           |       |    29 |       ||    29
Throw: Stone             |    30 |    26 |     3 ||    59
       Tomahawk          |       |       |    26 ||    26
 Abil: Evoke Flight      |       |     1 |       ||     1
Evoke: Wand              |       |       |     3 ||     3
  Use: Potion            |       |     5 |     2 ||     7
       Scroll            |       |     6 |     6 ||    12
 Stab: Sleeping          |     2 |       |       ||     2
  Eat: Chunk             |     4 |     6 |     9 ||    19
       Ration            |       |     1 |       ||     1
Armor: Robe              |    22 |       |     8 ||    30
       Scale mail        |     8 |    69 |    23 ||   100
Dodge: Dodged            |    44 |   104 |    97 ||   245
       Rpst.: Falchion   |    13 |    35 |    19 ||    67

Table legend:
 A = Spawn XP
 B = Non-spawn XP
 C = Spawn XP percentage of total XP
 D = Spawn monster count
 E = Non-spawn monster count
 F = Spawn count percentage of total count
 G = Total turns spent on level
                    A         B        C        D         E        F      G
               +---------+---------+-------+---------+---------+-------+---------
         Total |       0 |    2013 |   0.0 |       0 |     111 |   0.0 |  7694
               +---------+---------+-------+---------+---------+-------+---------
           D:1 |       0 |      31 |   0.0 |       0 |      16 |   0.0 |  1148
           D:2 |       0 |      46 |   0.0 |       0 |      15 |   0.0 |   808
           D:3 |       0 |     161 |   0.0 |       0 |      13 |   0.0 |  1311
           D:4 |       0 |     268 |   0.0 |       0 |      22 |   0.0 |  1359
           D:6 |       0 |     488 |   0.0 |       0 |      17 |   0.0 |   947
           D:7 |       0 |     861 |   0.0 |       0 |      18 |   0.0 |  1762
           D:8 |       0 |      32 |   0.0 |       0 |       1 |   0.0 |    25
         Sewer |       0 |     126 |   0.0 |       0 |       9 |   0.0 |   334
               +---------+---------+-------+---------+---------+-------+---------
